 Dungeon Crawl Stone Soup version 0.30.1-11-g7821555f0a (webtiles) character file.

Game seed: 13865992536995756820

233 AppTheSpectato the Shooter (level 5, -5/46 HPs)
             Began as a Minotaur Hunter on Nov 1, 2023.
             Slain by an iguana (11 damage)
             ... on level 5 of the Dungeon.
             The game lasted 00:06:50 (2177 turns).

AppTheSpectato the Shooter (Minotaur Hunter)        Turns: 2177, Time: 00:06:50

Health: -5/46      AC:  4    Str: 16    XL:     5   Next: 75%
Magic:  4/4        EV: 13    Int:  6    God:
Gold:   210        SH:  0    Dex: 15    Spells: 4/4 levels left

rFire   . . .        a - +0 shortbow
rCold   . . .        (shield currently unavailable)
rNeg    . . .        c - +0 leather armour
rPois   .            (helmet restricted)
rElec   .            (no cloak)
rCorr   .            s - +0 pair of gloves
SInv    .            (no boots)
Will    .....        (no amulet)
Stlth   +            (no ring)
HPRegen 0.27/turn    (no ring)
MPRegen 0.09/turn

%: no passive effects
@: no status effects
A: horns 2, retaliatory headbutt
a: no special abilities


You were on level 5 of the Dungeon.
You visited 1 branch of the dungeon, and saw 6 of its levels.

You collected 210 gold pieces.

Inventory:

Hand Weapons
 a - a +0 shortbow (weapon)
 d - a +4 dagger of draining
 q - a +2 short sword of flaming
Missiles
 h - 6 javelins
Armour
 c - a +0 leather armour (worn)
 s - a +0 pair of gloves (worn)
Wands
 o - a wand of polymorph (10)
Scrolls
 b - 2 scrolls of immolation
 m - 2 scrolls of amnesia {unknown}
 n - a scroll of enchant armour {unknown}
 p - 2 scrolls of teleportation {unknown}
 t - a scroll of vulnerability {unknown}
 u - a scroll of enchant weapon {unknown}
Potions
 e - 2 potions of degeneration
 f - 2 potions of brilliance {unknown}
 g - a potion of ambrosia {unknown}
 i - a potion of cancellation {unknown}
 j - a potion of attraction {unknown}
 k - a potion of magic {unknown}
 l - a potion of invisibility {unknown}


   Skills:
 + Level 4.2 Fighting
 * Level 6.1 Ranged Weapons
 + Level 3.9 Dodging
 - Level 0.9 Stealth


You had 4 spell levels left.
You didn't know any spells.
Your spell library contained the following spells:

 Spells                   Type           Power      Damage    Failure   Level
 Freeze                   Ice            0%         1d3       52%         1
 Kiss of Death            Conj/Necr      0%         2d5       52%         1
 Magic Dart               Conj           0%         1d3       52%         1
 Slow                     Hex            0%         N/A       52%         1
 Blink                    Tloc           0%         N/A       67%         2
 Call Imp                 Summ           0%         N/A       67%         2
 Cigotuvi's Dreadful Rot  Necr/Pois/Air  0%         N/A       67%         2
 Lesser Beckoning         Tloc           0%         N/A       67%         2
 Momentum Strike          Conj/Tloc      0%         3d8       67%         2
 Confusing Touch          Hex            0%         N/A       88%         3
 Frozen Ramparts          Ice            0%         1d1       88%         3
 Hailstorm                Conj/Ice       0%         3d3       88%         3
 Ignite Poison            Fire/Tmut/Pois 0%         N/A       88%         3
 Mephitic Cloud           Conj/Pois/Air  0%         N/A       88%         3
 Vampiric Draining        Necr           0%         2d6       88%         3
 Dispel Undead            Necr           0%         3d6       99%         4
 Freezing Cloud           Conj/Ice/Air   0%         6-21      100%        5


Dungeon Overview and Level Annotations

Branches:
Dungeon (6/15)
 Temple: D:4-7

Altars:
Makhleb
Wu Jian


Innate Abilities, Weirdness & Mutations

You have a pair of horns on your head.
You reflexively headbutt those who attack you in melee.


Message History

The orc priest calls upon Beogh to heal the orc wizard.
The orc wizard's wounds heal themselves!
You are too confused!
You are too confused!
Unknown command.
You are too confused!
Non-targeted confused fire: a) +0 shortbow
Press: ? - help, Q - select action, (/) - cycle Dir - look around, f - activate Look: an orc priest, wielding a +0 whip and wearing a +0 ring mail You shoot an arrow.
An orc comes into view. It is wielding a +0 flail.
The orc wizard casts a spell.
The orc wizard flickers and vanishes!
Deactivating autopickup; reactivate with Ctrl-A.
A scorpion comes into view.
You bump into the rock wall.
The orc priest looks braver for a moment.
You bump into the rock wall.
You feel less confused.
You see here 6 stones.
The orc priest miscasts a cantrip.
The orc priest calls down the wrath of Beogh upon you.
Beogh smites you!
The orc priest mumbles some strange prayers to Beogh against you.
Pain shoots through your body!
An iguana comes into view.
The iguana hisses angrily.
Found a scroll of immolation.
The orc priest mumbles some strange prayers to Beogh against you.
Beogh smites you!
* * * LOW HITPOINT WARNING * * *
An iguana comes into view.
The iguana attacks as you move away! The iguana bites you.
* * * LOW HITPOINT WARNING * * *
The iguana hisses angrily.
As you read the scroll labelled KYUWKA NU ULO, it crumbles to dust.
It is a scroll of identify.
e - 2 potions of degeneration The iguana bites you!
You die...

... .. ..
##. .. ##.##
###..l#
..##...#@#
........?.l#
..........##
.....#.##.#
.....#..#.#
....##.#o# #
#......# #.
#......# ##.
####.###


You could see 2 iguanas and an orc priest.

Vanquished Creatures
  An orc priest (D:5)
  A sleepcap (D:3)
  Natasha (thrice) (D:3)
  2 adders (D:3)
  A worm (D:3)
  3 dart slugs
  An orc (D:3)
  8 endoplasms
  A giant cockroach (D:2)
  7 goblins
  9 hobgoblins
  2 jackals (D:3)
  10 kobolds
  4 quokkas
  5 ball pythons
  5 bats
  3 frilled lizards
  7 rats
73 creatures vanquished.

Notes
Turn   | Place    | Note
-------+----------+-------------------------------------------
     0 | D:1      | AppTheSpectato the Minotaur Hunter began the quest for the
                  | Orb.
     0 | D:1      | Reached XP level 1. HP: 18/18 MP: 0/0
    93 | D:1      | Reached XP level 2. HP: 25/25 MP: 1/1
   510 | D:2      | Reached XP level 3. HP: 31/31 MP: 2/2
   860 | D:2      | Identified the +4 mace of Dissent {heavy, rN+}
   975 | D:2      | Reached skill level 5 in Ranged Weapons
  1268 | D:3      | Reached XP level 4. HP: 38/38 MP: 3/3
  1352 | D:3      | Found an ornate altar of the Wu Jian Council.
  1459 | D:3      | Noticed Natasha
  1465 | D:3      | Killed Natasha
  1649 | D:3      | Reached XP level 5. HP: 33/46 MP: 4/4
  1734 | D:3      | Noticed Natasha
  1763 | D:3      | Killed Natasha
  1950 | D:3      | Noticed Natasha
  1955 | D:3      | Killed Natasha
  1956 | D:3      | Reached skill level 6 in Ranged Weapons
  2098 | D:4      | You fall into a shaft and drop 2 floors!
  2126 | D:6      | Found a burning altar of Makhleb.
  2134 | D:5      | Entered Level 5 of the Dungeon
  2177 | D:5      | Slain by an iguana

Illustrated notes

Levels and vault maps discovered:
D:1:      eino_arrival_cavern_a, layout_rooms
D:2:      layout_basic
D:3:      layout_basic, amcnicky_altar_gilded, uniq_natasha
D:4:      layout_rooms, general_overflow_altar, minmay_misc_feat_secret_circle,
          dreamdust_wishing_well, nicolae_figureground_sparkle
D:5:      layout_loops_cross, grunt_gozag_breadcrumbs,
          minmay_temple_entry_poolview, cheibrodos_sewer_entry_bend,
          ebering_ghost_gozag
D:6:      layout_cave_pods, lemuel_crystal_altar, uniq_maggie

Skill      XL: |  1  2  3  4  5 |
---------------+----------------+-----
Fighting       | 3 4 |  4.2
Dodging        | 3 |  3.9
Ranged Weapons | 5 6 |  6.1
Stealth        | |  0.9

Action                     |  1- 3 |  4- 6 || total
---------------------------+-------+-------++-------
   Fire: Shortbow          |   125 |    76 ||   201
    Use: Scroll            |       |     2 ||     2
 Armour: Leather armour    |     9 |     5 ||    14
  Dodge: Dodged            |    18 |    13 ||    31
